 Dungeon Crawl Stone Soup version 0.31.0-32-g396128a36d (webtiles) character file.

Game seed: 13424786548431366473

305 KittyFluff the Ruffian (level 6, 0/57 HPs)
             Began as a Troll Shapeshifter on Apr 4, 2024.
             Slain by a black bear (6 damage)
             ... on level 4 of the Dungeon.
             The game lasted 00:10:26 (2378 turns).

KittyFluff the Ruffian (Troll Shapeshifter)         Turns: 2378, Time: 00:10:26

Health: 0/57       AC:  4    Str: 25    XL:     6   Next: 15%
Magic:  0/5        EV: 10    Int:  6    God:
Gold:   177        SH:  0    Dex:  9    Spells: 5/5 levels left

rFire   . .          .
                       - Unarmed
rCold   . . .        (no shield)
rNeg    . . .        a - +0 animal skin
rPois   .            (helmet currently unavailable)
rElec   .            (cloak currently unavailable)
rCorr   .            (gloves unavailable)
SInv    .            (boots unavailable)
Will    .....        o - amulet of guardian spirit
Stlth   +            g - ring of wizardry
HPRegen 1.09/turn    v - ring of wizardry
MPRegen 0.09/turn

%: guardian spirit, wizardry (x2)
@: mighty, beast-form
A: beast (slay +2), large, unfitting armour, claws 3, regeneration 1, shaggy fur
1, tough skin 1
a: Begin Untransformation


You were on level 4 of the Dungeon.
You were a hulking beast.
You visited 1 branch of the dungeon, and saw 4 of its levels.

You collected 177 gold pieces.

Inventory:

Hand Weapons
 n - a +3 whip
 q - the +9 whip of Equilibrium {flame, Fly}
   (You found it on level 2 of the Dungeon)

   Fly:       It grants you flight.
 y - a +0 longbow
Missiles
 e - 5 boomerangs
 h - 8 poisoned darts
 j - 33 stones (quivered)
Armour
 a - a +0 animal skin (worn)
 t - a +0 cloak
Jewellery
 g - a ring of wizardry (left claw)
 o - an amulet of guardian spirit (around neck)
 v - a ring of wizardry (right claw)
Talismans
 c - a beast talisman
 d - a flux talisman
Scrolls
 i - a scroll of vulnerability {unknown}
 k - 2 scrolls of fear {unknown}
 l - 3 scrolls of enchant weapon {unknown}
 m - a scroll of blinking {unknown}
 p - 2 scrolls of identify
 r - a scroll of brand weapon {unknown}
 s - 2 scrolls of teleportation {unknown}
 w - a scroll of poison {unknown}
 x - a scroll of immolation {unknown}
Potions
 b - a potion of lignification
 f - 2 potions of enlightenment
 z - a potion of curing {unknown}


   Skills:
 + Level 2.2 Fighting
 + Level 2.1 Throwing
 + Level 2.8 Dodging
 + Level 4.0 Unarmed Combat
 + Level 3.9 Shapeshifting


You had 5 spell levels left.
You didn't know any spells.
Your spell library was empty.

Dungeon Overview and Level Annotations

Branches:
Dungeon (4/15)
 Temple: D:4-7

Altars:

Shops:
D:1 =[


Innate Abilities, Weirdness & Mutations

You are a hulking beast.
Your limbs bulge with bestial killing power. (Slay +2)
You are too large for most types of armour.
You have claws for hands.
Your natural rate of healing is unusually fast.
You are covered in fur. (AC +1)
You have tough skin. (AC +1)


Message History

You claw the ogre! Your claw misses the ogre.
The ogre is moderately wounded.
You completely miss the ogre.
The ogre is moderately wounded.
The ogre hits you with a +0 giant spiked club!!
You completely miss the ogre.
The ogre is moderately wounded.
The black bear bites you. The black bear claws you.
The black bear barely misses you. The ogre closely misses you.
You claw the black bear!
The black bear is moderately wounded.
The black bear bites you! The black bear claws you. x2
You scratch the black bear.
The black bear is heavily wounded.
The black bear bites you.
* * * LOW HITPOINT WARNING * * *
The black bear claws you but does no damage.
The black bear completely misses you.
You feel very mighty all of a sudden.
The black bear bites you but does no damage.
The black bear claws you.
* * * LOW HITPOINT WARNING * * *
The black bear claws you.
* * * LOW HITPOINT WARNING * * *
You barely miss the black bear.
The black bear is moderately wounded.
The black bear bites you.
* * * LOW HITPOINT WARNING * * *
The black bear claws you.
* * * LOW HITPOINT WARNING * * *
The black bear claws you.
You claw the black bear!
The black bear is severely wounded.
The black bear completely misses you. The black bear claws you.
* * * LOW HITPOINT WARNING * * *
The black bear claws you but does no damage.
You barely miss the black bear.
The black bear is severely wounded.
The black bear bites you.
You die...

# #. # .### ..
..# #h #.# >.
#h#
###.##h###.#
..#...O....#
.#
#.####.#####
.# #.# #.#
###.###.####.#
.............#
###.###.######
##..# #.#


You could see a black bear and an ogre.

Vanquished Creatures
  Blork the orc (D:4)
  An iguana (D:4)
  Natasha (twice) (D:2)
  2 orc wizards (D:3)
  3 adders
  3 dart slugs
  A ribbon worm (D:2)
  13 orcs (D:3)
  4 ball pythons
  4 endoplasms
  6 giant cockroaches
  4 goblins
  4 hobgoblins
  4 quokkas
  3 bats (D:1)
  4 frilled lizards
  4 kobolds
  8 rats
71 creatures vanquished.

Notes
Turn   | Place    | Note
-------+----------+-------------------------------------------
     0 | D:1      | KittyFluff the Troll Shapeshifter began the quest for the
                  | Orb.
     0 | D:1      | Reached XP level 1. HP: 18/18 MP: 0/0
   181 | D:1      | Reached skill level 1 in Fighting
   271 | D:1      | Reached XP level 2. HP: 27/27 MP: 1/1
   735 | D:1      | Found Penkuol's Jewellery Emporium.
   829 | D:1      | Found Jalemor's Armour Shop.
   944 | D:2      | Reached XP level 3. HP: 33/33 MP: 2/2
  1235 | D:2      | Identified the +9 whip of Equilibrium {flame, Fly}
  1322 | D:2      | Noticed Natasha
  1326 | D:2      | Killed Natasha
  1327 | D:2      | Reached skill level 1 in Throwing
  1327 | D:2      | Reached XP level 4. HP: 38/41 MP: 1/3
  1335 | D:2      | Noticed Natasha
  1343 | D:2      | Killed Natasha
  1562 | D:3      | Reached XP level 5. HP: 49/49 MP: 1/4
  2282 | D:4      | Noticed Blork the orc
  2299 | D:4      | Killed Blork the orc
  2300 | D:4      | Reached skill level 4 in Unarmed Combat
  2300 | D:4      | Reached XP level 6. HP: 29/57 MP: 1/5
  2378 | D:4      | Slain by a black bear

Illustrated notes

Levels and vault maps discovered:
D:1:      hellmonk_arrival_library, layout_basic, serial_shops, shop, shop,
          serial_park_tiny_1, minmay_misc_feat_four_crosses
D:2:      layout_basic, uniq_natasha
D:3:      layout_basic
D:4:      layout_basic, uniq_edmund, uniq_menkaure, uniq_ijyb,
          uniq_blork_the_orc

Skill      XL: |  1  2  3  4  5 |
---------------+----------------+-----
Fighting       | 1 2 |  2.2
Dodging        | 2 |  2.8
Throwing       | 1 2 |  2.1
Unarmed Combat | 4 |  4.0
Shapeshifting  | |  3.9

Action                     |  1- 3 |  4- 6 || total
---------------------------+-------+-------++-------
  Melee: Unarmed           |    95 |   105 ||   200
         Punch             |     1 |     1 ||     2
  Throw: Stone             |       |     2 ||     2
    Use: Scroll            |       |     2 ||     2
         Potion            |       |     1 ||     1
 Armour: Animal skin       |    83 |    80 ||   163
  Dodge: Dodged            |    46 |    54 ||   100
